AoeStats
← Gauthier

Arena

506650557Analyzed
1v1 RM · 17d ago on Sep 14, 2026· 102m 21s· 2 players
Game mode
Random Map
Map size
Tiny (2 player)
Population
200
Speed
Normal
Resources
Standard
Victory
Conquest
Starting age
Dark Age
Ending age
Imperial Age
RankedLock teamsTeams togetherTeam positionsShared explorationLock speedFull tech treeHidden civsTurbo modeCheats
Victory
Defeat
🇮🇳 Chinese · India
654
+15
🇫🇷 Celts · France
639
-15
Gauthier
9:31 Loom
12:00 Feudal Age
16:51 Double-Bit Axe
17:22 Horse Collar
21:21 Castle Age
19:38 Stone Mining
20:10 Padded Archer Armor
20:12 Gold Mining
20:38 Man-at-Arms
22:03 Fletching
22:31 Crossbowman
24:01 Wheelbarrow
23:32 Scale Mail Armor
23:43 Long Swordsman
25:21 Forging
26:15 Gambesons
27:55 Gold Shaft Mining
27:28 Pikeman
28:39 Arson
28:18 Elite Skirmisher
29:32 Heavy Plow
31:28 Stone Shaft Mining
31:58 Hand Cart
32:41 Leather Archer Armor
32:42 Chain Mail Armor
33:02 Iron Casting
34:48 Ballistics
34:10 Treadmill Crane
37:17 Imperial Age
36:42 Bodkin Arrow
38:00 Stronghold
37:40 Two-Handed Swordsman
38:40 Town Watch
41:07 Ring Archer Armor
41:08 Plate Mail Armor
41:39 Blast Furnace
40:54 Furor Celtica
41:05 Conscription
40:27 Champion
46:21 Hoardings
45:29 Halberdier
53:02 Capped Ram
54:44 Siege Ram
56:27 Siege Engineers
71:23 Coinage
74:20 Banking
97:11 Scale Barding Armor
ayush_aoe
0:35 Loom
9:47 Feudal Age
11:05 Wheelbarrow
10:19 Double-Bit Axe
10:19 Horse Collar
13:36 Gold Mining
13:33 Town Watch
18:11 Forging
18:02 Scale Mail Armor
20:27 Castle Age
19:49 Scale Barding Armor
22:53 Hand Cart
22:52 Bow Saw
23:19 Gold Shaft Mining
23:31 Heavy Plow
23:48 Fervor
24:23 Iron Casting
24:34 Stone Mining
25:14 Chain Mail Armor
25:15 Fortified Wall
27:35 Stone Shaft Mining
27:33 Masonry
28:56 Ballistics
30:49 Padded Archer Armor
31:12 Chain Barding Armor
33:29 Imperial Age
32:08 Squires
35:12 Blast Furnace
34:35 Conscription
34:15 Great Wall
35:37 Plate Mail Armor
35:15 Heavy Rocket Cart
37:35 Pikeman
41:25 Two-Man Saw
40:42 Town Patrol
40:08 Elite Fire Lancer
40:15 Halberdier
41:36 Cavalier
42:17 Husbandry
42:28 Bloodlines
43:35 Padded Archer Armor
43:26 Fletching
45:39 Elite Skirmisher
46:24 Thumb Ring
46:39 Leather Archer Armor
46:20 Bodkin Arrow
46:45 Chain Barding Armor
45:48 Light Cavalry
51:02 Ring Archer Armor
50:33 Bracer
51:08 Plate Barding Armor
51:36 Chemistry
50:32 Murder Holes
51:07 Architecture
50:23 Arrowslits
51:03 Rocketry
54:16 Arson
55:16 Bombard Tower
54:46 Guard Tower
68:34 Capped Ram
77:33 Elite Chu Ko Nu
Connection lost

Rejoining the realm…

Still unreachable

The connection could not be restored.

Session expired

The server has moved on; the page needs a fresh start.